| TOP OF THE 1ST |
|
Arkansas Travelers batting - Pitching for Frisco RoughRiders : RHP Mario Vizcaya
|
|
Pitching: RHP Mario Vizcaya
|
|
|
Batting: RHB Jose Ramirez
|
0-0: Called Strike 0-1: Foul Ball, location: 2F 0-2: Foul Ball, location: 2F 0-2: Ball 1-2: Ball 2-2: Ball 3-2: Fly out, F8 (Flyball, 8RXD, EV 86.2 MPH)
|
|
Batting: RHB Mike Alm
|
0-0: Ball 1-0: SINGLE (Groundball, 56D, EV 105.6 MPH)
|
|
Batting: RHB Danny Bjarnson
|
0-0: Ball 1-0: Called Strike 1-1: Ball Mike Alm steals 2nd base 2-1: Foul Ball, location: 2F 2-2: Fly out, F8 (Flyball, 78S, EV 80.0 MPH)
|
|
Batting: LHB Mario Anguiano
|
0-0: Called Strike 0-1: DOUBLE (Line Drive, 89D, EV 104.4 MPH) Mike Alm scores
|
|
Batting: RHB Khalil Thurston
|
0-0: Ball 1-0: Ball 2-0: Ball 3-0: Called Strike 3-1: Foul Ball, location: 2F 3-2: Foul Ball, location: 2F 3-2: Reached on error, E4 (Groundball, 4, EV 103.8 MPH) Mario Anguiano scores
|
|
Batting: RHB Ryan Pelletier
|
0-0: Foul Ball, location: 2F 0-1: Ball 1-1: Ball 2-1: Fly out, F8 (Flyball, 8LD, EV 95.0 MPH)
|
| Top of the 1st over - 2 runs, 2 hits, 1 error, 1 left on base; Arkansas 2 - Frisco 0 |
| BOTTOM OF THE 1ST |
|
Frisco RoughRiders batting - Pitching for Arkansas Travelers : RHP Allen Weaver
|
|
Pitching: RHP Allen Weaver
|
|
|
Batting: RHB Kurt Wagner
|
0-0: Ground out 6-3 (Groundball, 6, EV 88.8 MPH)
|
|
Batting: LHB Justin Barker
|
0-0: Foul Ball, location: 2F 0-1: Ball 1-1: Ball 2-1: Foul Ball, location: 2F 2-2: Strikes out swinging
|
|
Batting: RHB Adryão Anto
|
0-0: Ground out 1-3 (Groundball, 13, EV 72.5 MPH)
|
| Bottom of the 1st over - 0 runs, 0 hits, 0 errors, 0 left on base; Arkansas 2 - Frisco 0 |
| TOP OF THE 2ND |
|
Arkansas Travelers batting - Pitching for Frisco RoughRiders : RHP Mario Vizcaya
|
|
Batting: LHB Jorge Zermeno
|
0-0: Called Strike 0-1: Ground out U3 (Groundball, 34S, EV 83.8 MPH)
|
|
Batting: LHB Barrfhionn O'Toole
|
0-0: Ball 1-0: Ball 2-0: Ball 3-0: Called Strike 3-1: Ground out 5-3 (Groundball, 56, EV 78.8 MPH)
|
|
Batting: LHB Spencer Palmer
|
0-0: Called Strike 0-1: Ball 1-1: Ball 2-1: Called Strike 2-2: Strikes out looking
|
| Top of the 2nd over - 0 runs, 0 hits, 0 errors, 0 left on base; Arkansas 2 - Frisco 0 |
| BOTTOM OF THE 2ND |
|
Frisco RoughRiders batting - Pitching for Arkansas Travelers : RHP Allen Weaver
|
|
Batting: LHB Davey Schonewille
|
0-0: Ground out U3 (Groundball, 34S, EV 77.5 MPH)
|
|
Batting: LHB Ben Radach
|
0-0: Fly out, F1 (Line Drive, P, EV 66.9 MPH)
|
|
Batting: RHB Jason Swisher
|
0-0: Ball 1-0: Called Strike 1-1: Called Strike 1-2: SINGLE (Groundball, 6MD, EV 106.2 MPH)
|
|
Batting: RHB Chris Torlak
|
0-0: Ball 1-0: SINGLE (Groundball, 56D, EV 102.5 MPH) Jason Swisher to second
|
|
Batting: RHB Gavin Fimple
|
0-0: Ball 1-0: Ball 2-0: Fly out, F4 (Popup, 4S, EV 65.6 MPH)
|
| Bottom of the 2nd over - 0 runs, 2 hits, 0 errors, 2 left on base; Arkansas 2 - Frisco 0 |
| TOP OF THE 3RD |
|
Arkansas Travelers batting - Pitching for Frisco RoughRiders : RHP Mario Vizcaya
|
|
Batting: RHB Jose Ramirez
|
0-0: Ball 1-0: Ball 2-0: DOUBLE (Groundball, 5L, EV 97.5 MPH)
|
|
Batting: RHB Mike Alm
|
0-0: Foul Ball, location: 2F 0-1: Foul Ball, location: 2F 0-2: Ball 1-2: Fly out, F7 (Flyball, 78XD, EV 96.2 MPH) Runner from 2nd tags up, SAFE at 3rd, no throw by LF
|
|
Batting: RHB Danny Bjarnson
|
0-0: Called Strike 0-1: Ball 1-1: Ground out 4-3 (Groundball, 13, EV 83.1 MPH) Jose Ramirez scores
|
|
Batting: LHB Mario Anguiano
|
0-0: Foul Ball, location: 2F 0-1: Ball 1-1: Ground out 1-3 (Groundball, 34S, EV 68.8 MPH)
|
| Top of the 3rd over - 1 run, 1 hit, 0 errors, 0 left on base; Arkansas 3 - Frisco 0 |
| BOTTOM OF THE 3RD |
|
Frisco RoughRiders batting - Pitching for Arkansas Travelers : RHP Allen Weaver
|
|
Batting: RHB Zach Thomason
|
0-0: Called Strike 0-1: Ball 1-1: Ball 2-1: Ball 3-1: Called Strike 3-2: Base on Balls
|
|
Batting: RHB Kurt Wagner
|
0-0: Called Strike 0-1: Fly out, F9 (Flyball, 9S, EV 78.1 MPH)
|
|
Batting: LHB Justin Barker
|
0-0: Called Strike 0-1: Swinging Strike 0-2: Ball 1-2: Ball 2-2: Hit by Pitch Zach Thomason to second
|
|
Batting: RHB Adryão Anto
|
0-0: Called Strike 0-1: Called Strike 0-2: Foul Ball, location: 2F 0-2: Ball Wild Pitch! Zach Thomason to third Justin Barker to second 1-2: Ground out 6-3 (Groundball, 56, EV 81.9 MPH) Zach Thomason scores
|
|
Batting: LHB Davey Schonewille
|
0-0: Ball 1-0: Foul Ball, location: 2F 1-1: Foul Ball, location: 2F 1-2: Foul Ball, location: 2F 1-2: Ball 2-2: Fly out, F8 (Flyball, 8RM, EV 87.5 MPH)
|
| Bottom of the 3rd over - 1 run, 0 hits, 0 errors, 1 left on base; Arkansas 3 - Frisco 1 |
| TOP OF THE 4TH |
|
Arkansas Travelers batting - Pitching for Frisco RoughRiders : RHP Mario Vizcaya
|
|
Batting: RHB Khalil Thurston
|
0-0: Called Strike 0-1: Ball 1-1: Ball 2-1: Ball 3-1: Fly out, F9 (Flyball, 9S, EV 85.6 MPH)
|
|
Batting: RHB Ryan Pelletier
|
0-0: Ball 1-0: SINGLE (Line Drive, 56, EV 93.8 MPH)
|
|
Batting: LHB Jorge Zermeno
|
0-0: Ball Ryan Pelletier is caught stealing 2nd base 2-6 1-0: Called Strike 1-1: Ball 2-1: Called Strike 2-2: Strikes out swinging
|
| Top of the 4th over - 0 runs, 1 hit, 0 errors, 0 left on base; Arkansas 3 - Frisco 1 |
| BOTTOM OF THE 4TH |
|
Frisco RoughRiders batting - Pitching for Arkansas Travelers : RHP Allen Weaver
|
|
Batting: LHB Ben Radach
|
0-0: Ball 1-0: Foul Ball, location: 2F 1-1: Ball 2-1: Ball 3-1: Base on Balls
|
|
Batting: RHB Jason Swisher
|
0-0: Ball 1-0: Fly out, F7 (Flyball, 78S, EV 86.2 MPH)
|
|
Batting: RHB Chris Torlak
|
0-0: Ball 1-0: Ball 2-0: Called Strike 2-1: Fielders Choice at 2nd, 5-4 (Groundball, 56, EV 91.9 MPH)
|
|
Batting: RHB Gavin Fimple
|
0-0: Ball 1-0: Called Strike 1-1: Ball 2-1: Swinging Strike 2-2: Foul Ball, location: 2F 2-2: Fly out, F7 (Flyball, 8LS, EV 91.9 MPH)
|
| Bottom of the 4th over - 0 runs, 0 hits, 0 errors, 1 left on base; Arkansas 3 - Frisco 1 |
| TOP OF THE 5TH |
|
Arkansas Travelers batting - Pitching for Frisco RoughRiders : RHP Mario Vizcaya
|
|
Batting: LHB Barrfhionn O'Toole
|
0-0: Swinging Strike 0-1: Ball 1-1: Foul Ball, location: 2F 1-2: Ball 2-2: Foul Ball, location: 2F 2-2: Ball 3-2: Ground out 5-3 (Groundball, 56S, EV 93.8 MPH)
|
|
Batting: LHB Spencer Palmer
|
0-0: Called Strike 0-1: Ball 1-1: Ball 2-1: Called Strike 2-2: Foul Ball, location: 2F 2-2: Ball 3-2: Ground out 4-3 (Groundball, 4D, EV 88.8 MPH)
|
|
Batting: RHB Jose Ramirez
|
0-0: Ball 1-0: Ball 2-0: Called Strike 2-1: Ball 3-1: Called Strike 3-2: TRIPLE (Line Drive, 9LD, EV 105.0 MPH)
|
|
Batting: RHB Mike Alm
|
0-0: Foul Ball, location: 2F 0-1: Swinging Strike 0-2: Ball 1-2: Strikes out swinging
|
| Top of the 5th over - 0 runs, 1 hit, 0 errors, 1 left on base; Arkansas 3 - Frisco 1 |
| BOTTOM OF THE 5TH |
|
Frisco RoughRiders batting - Pitching for Arkansas Travelers : RHP Allen Weaver
|
|
Batting: RHB Zach Thomason
|
0-0: Swinging Strike 0-1: Foul Ball, location: 2F 0-2: DOUBLE (Groundball, 5L, EV 103.1 MPH)
|
|
Batting: RHB Kurt Wagner
|
0-0: Ball 1-0: Fly out, F8 (Line Drive, 8RM, EV 85.6 MPH)
|
|
Batting: LHB Justin Barker
|
0-0: Fly out, F4 (Popup, 4M, EV 71.9 MPH)
|
|
Batting: RHB Adryão Anto
|
0-0: Ball 1-0: Ball 2-0: Ball 3-0: Called Strike 3-1: Base on Balls
|
|
Batting: LHB Davey Schonewille
|
0-0: Foul Ball, location: 2F 0-1: Ball 1-1: Swinging Strike 1-2: Ball 2-2: Foul Ball, location: 2F 2-2: Foul Ball, location: 2F 2-2: Foul Ball, location: 2F 2-2: Foul Ball, location: 2F 2-2: Foul Ball, location: 2F 2-2: Strikes out swinging
|
| Bottom of the 5th over - 0 runs, 1 hit, 0 errors, 2 left on base; Arkansas 3 - Frisco 1 |
| TOP OF THE 6TH |
|
Arkansas Travelers batting - Pitching for Frisco RoughRiders : RHP Mario Vizcaya
|
|
Batting: RHB Danny Bjarnson
|
0-0: Ball 1-0: Ball 2-0: Foul Ball, location: 2F 2-1: SINGLE (Line Drive, 34D, EV 95.6 MPH)
|
|
Pitching: RHP Mario Sanchez
|
|
|
Batting: LHB Mario Anguiano
|
0-0: Called Strike 0-1: SINGLE (Line Drive, 4D, EV 97.5 MPH) Danny Bjarnson to second
|
|
Batting: RHB Khalil Thurston
|
0-0: Grounds out, U3 (Groundball, 3L, EV 103.1 MPH) Danny Bjarnson to third
|
|
Batting: RHB Ryan Pelletier
|
0-0: Ground out 4-3 (Groundball, 4, EV 80.0 MPH) Danny Bjarnson scores Mario Anguiano to third
|
|
Pitching: LHP Justin Harris
|
|
|
Batting: LHB Jorge Zermeno
|
0-0: Called Strike 0-1: Foul Ball, location: 2F 0-2: Foul Ball, location: 2F 0-2: Hit by Pitch
|
|
Batting: LHB Barrfhionn O'Toole
|
0-0: Ball 1-0: Ball 2-0: Swinging Strike 2-1: Foul Ball, location: 2F 2-2: Strikes out swinging
|
| Top of the 6th over - 1 run, 2 hits, 0 errors, 2 left on base; Arkansas 4 - Frisco 1 |
| BOTTOM OF THE 6TH |
|
Frisco RoughRiders batting - Pitching for Arkansas Travelers : RHP Allen Weaver
|
|
Pitching: RHP Jose Alvarado
|
|
|
Batting: LHB Ben Radach
|
0-0: Ball 1-0: Fly out, F7 (Line Drive, 7, EV 90.6 MPH)
|
|
Batting: RHB Jason Swisher
|
0-0: Called Strike 0-1: Swinging Strike 0-2: Ball 1-2: SOLO HOME RUN (Flyball, 7D, EV 101.9 MPH), Distance : 403 ft
|
|
Batting: RHB Chris Torlak
|
0-0: Ball 1-0: Swinging Strike 1-1: Ball 2-1: Fly out, F8 (Line Drive, 8LD, EV 85.6 MPH)
|
|
Batting: RHB Gavin Fimple
|
0-0: Ground out 6-3 (Groundball, 6, EV 91.2 MPH)
|
| Bottom of the 6th over - 1 run, 1 hit, 0 errors, 0 left on base; Arkansas 4 - Frisco 2 |
| TOP OF THE 7TH |
|
Arkansas Travelers batting - Pitching for Frisco RoughRiders : LHP Justin Harris
|
|
Batting: LHB Spencer Palmer
|
0-0: Called Strike 0-1: Ball 1-1: Foul Ball, location: 2F 1-2: Ball 2-2: Ball 3-2: Foul Ball, location: 2F 3-2: Fly out, F7 (Line Drive, 7LM, EV 100.0 MPH)
|
|
Pitching: RHP Elvis Diaz
|
|
|
Batting: RHB Jose Ramirez
|
0-0: Called Strike 0-1: Ball 1-1: Foul Ball, location: 2F 1-2: Ball 2-2: Strikes out swinging
|
|
Batting: RHB Mike Alm
|
0-0: Fly out, F8 (Line Drive, 8RD, EV 97.5 MPH)
|
| Top of the 7th over - 0 runs, 0 hits, 0 errors, 0 left on base; Arkansas 4 - Frisco 2 |
| BOTTOM OF THE 7TH |
|
Frisco RoughRiders batting - Pitching for Arkansas Travelers : RHP Jose Alvarado
|
|
Batting: RHB Zach Thomason
|
0-0: Called Strike 0-1: Foul Ball, location: 2F 0-2: Strikes out swinging
|
|
Batting: RHB Kurt Wagner
|
0-0: Ball 1-0: Foul Ball, location: 2F 1-1: Foul Ball, location: 2F 1-2: Ball 2-2: Foul Ball, location: 2F 2-2: Ball 3-2: Foul Ball, location: 2F 3-2: Foul Ball, location: 2F 3-2: Foul Ball, location: 2F 3-2: Ground out 5-3 (Groundball, 56, EV 96.9 MPH)
|
|
Batting: LHB Justin Barker
|
0-0: Ball 1-0: Ball 2-0: Foul Ball, location: 2F 2-1: Fly out, F7 (Flyball, 7D, EV 101.2 MPH)
|
| Bottom of the 7th over - 0 runs, 0 hits, 0 errors, 0 left on base; Arkansas 4 - Frisco 2 |
| TOP OF THE 8TH |
|
Arkansas Travelers batting - Pitching for Frisco RoughRiders : RHP Elvis Diaz
|
|
Batting: RHB Danny Bjarnson
|
0-0: Ball 1-0: Called Strike 1-1: Foul Ball, location: 2F 1-2: Ball 2-2: Strikes out swinging
|
|
Batting: LHB Mario Anguiano
|
0-0: Called Strike 0-1: Ball 1-1: Foul Ball, location: 2F 1-2: Ball 2-2: Foul Ball, location: 2F 2-2: SINGLE (Groundball, 6D, EV 104.4 MPH)
|
|
Batting: RHB Khalil Thurston
|
0-0: Foul Ball, location: 2F 0-1: Foul Ball, location: 2F 0-2: Strikes out swinging
|
|
Batting: RHB Ryan Pelletier
|
0-0: Ball 1-0: Ground out 1-3 (Groundball, 34S, EV 67.5 MPH)
|
| Top of the 8th over - 0 runs, 1 hit, 0 errors, 1 left on base; Arkansas 4 - Frisco 2 |
| BOTTOM OF THE 8TH |
|
Frisco RoughRiders batting - Pitching for Arkansas Travelers : RHP Jose Alvarado
|
|
Pitching: RHP Jake Bruen
|
|
|
Batting: RHB Adryão Anto
|
0-0: Ball 1-0: Ball 2-0: Ball 3-0: Called Strike 3-1: Swinging Strike 3-2: Foul Ball, location: 2F 3-2: Strikes out swinging
|
|
Batting: LHB Davey Schonewille
|
0-0: Called Strike 0-1: Ball 1-1: Ground out 1-3 (Groundball, 15S, EV 69.4 MPH)
|
|
Batting: LHB Ben Radach
|
0-0: Called Strike 0-1: Swinging Strike 0-2: Ball 1-2: Strikes out swinging
|
| Bottom of the 8th over - 0 runs, 0 hits, 0 errors, 0 left on base; Arkansas 4 - Frisco 2 |
| TOP OF THE 9TH |
|
Arkansas Travelers batting - Pitching for Frisco RoughRiders : RHP Elvis Diaz
|
|
Pitching: RHP Willie Felix
|
|
|
Batting: LHB Jorge Zermeno
|
0-0: Foul Ball, location: 2F 0-1: Ground out 1-3 (Groundball, 34S, EV 68.1 MPH)
|
|
Batting: LHB Barrfhionn O'Toole
|
0-0: Called Strike 0-1: Foul Ball, location: 2F 0-2: Ball 1-2: Strikes out swinging
|
|
Batting: LHB Spencer Palmer
|
0-0: Ball 1-0: Foul Ball, location: 2F 1-1: Ground out 4-3 (Groundball, 4, EV 81.2 MPH)
|
| Top of the 9th over - 0 runs, 0 hits, 0 errors, 0 left on base; Arkansas 4 - Frisco 2 |
| BOTTOM OF THE 9TH |
|
Frisco RoughRiders batting - Pitching for Arkansas Travelers : RHP Jake Bruen
|
|
Pitching: RHP Eddie Garabito
|
|
|
Batting: RHB Jason Swisher
|
0-0: Swinging Strike 0-1: Ground out 4-3 (Groundball, 4, EV 77.5 MPH)
|
|
Pinch Hitting: SHB Johnny Stables
|
0-0: Ball 1-0: Called Strike 1-1: Ball 2-1: SINGLE (Groundball, 56D, EV 99.4 MPH)
|
|
Pinch Hitting: LHB Alfonso Collazo
|
0-0: SINGLE (Line Drive, 7S, EV 103.1 MPH) Johnny Stables to second
|
|
Batting: RHB Zach Thomason
|
0-0: Reached on error, E5 (Groundball, 15, EV 83.1 MPH) Johnny Stables to third Alfonso Collazo to second
|
|
Batting: RHB Kurt Wagner
|
0-0: Ball 1-0: Fielders Choice at 2nd, 5-4 (Groundball, 56S, EV 83.8 MPH) Johnny Stables scores Alfonso Collazo to third
|
|
Batting: LHB Justin Barker
|
0-0: Ball 1-0: Foul Ball, location: 2F 1-1: DOUBLE (Flyball, 7LD, EV 101.2 MPH) Alfonso Collazo scores Kurt Wagner to third Runner from 3rd tries for Home, SAFE, no throw by LF
|
| Bottom of the 9th over - 3 runs, 3 hits, 1 error, 1 left on base; Arkansas 4 - Frisco 5 |
|